 Dungeon Crawl Stone Soup version 0.31.0-12-g77e489cdc1 (webtiles) character file.

Game seed: 14261403240794007938

86 spaghetti the Cutter (level 4, 0/37 HPs)
             Began as a Demonspawn Chaos Knight on Mar 7, 2024.
             Was a Plaything of Xom.
             Slain by a gnoll
             ... wielding a +0 flail
              (7 damage)
             ... on level 3 of the Dungeon.
             The game lasted 00:01:36 (1256 turns).

spaghetti the Cutter (Demonspawn Chaos Knight)      Turns: 1256, Time: 00:01:36

Health: 0/37       AC:  6    Str: 13    XL:     4   Next: 27%
Magic:  4/4        EV: 11    Int: 12    God:    Xom [..*...]
Gold:   146        SH:  0    Dex: 14    Spells: 3/3 levels left

rFire   . . .        i - +0 whip (vamp)
rCold   . . .        (no shield)
rNeg    . . .        b - +2 leather armour
rPois   .            (helmet restricted)
rElec   .            d - +0 cloak
rCorr   .            (no gloves)
SInv    .            (no boots)
Will    .....        (no amulet)
Stlth   +            (no ring)
HPRegen 0.26/turn    (no ring)
MPRegen 0.09/turn

%: no passive effects
@: attractive, invisible
A: horns 1
a: Renounce Religion


You were on level 3 of the Dungeon.
You worshipped Xom.
You were a toy of Xom.
You visited 1 branch of the dungeon, and saw 3 of its levels.

You collected 146 gold pieces.

Inventory:

Hand Weapons
 a - a +0 short sword of chaos
 i - a +0 vampiric whip (weapon)
Armour
 b - a +2 leather armour (worn)
 d - a +0 cloak (worn)
Scrolls
 c - a scroll of butterflies
 e - a scroll of fear {unknown}
 f - 2 scrolls of noise {unknown}
 h - a scroll of enchant armour {unknown}
 j - a scroll of identify {unknown}
Potions
 g - a potion of might {unknown}


   Skills:
 + Level 3.6 Fighting
 - Level 3.7 Short Blades
 - Level 2.2 Armour
 - Level 1.4 Dodging


You had 3 spell levels left.
You didn't know any spells.
Your spell library contained the following spells:

 Spells                   Type           Power      Damage    Failure   Level
 Summon Small Mammal      Summ           0%         N/A       38%         1
 Call Canine Familiar     Summ           0%         N/A       77%         3
 Summon Blazeheart Golem  Fire/Summ      0%         N/A       99%         4


Dungeon Overview and Level Annotations

Branches:
Dungeon (3/15)

Altars:


Innate Abilities, Weirdness & Mutations

You have a pair of small horns on your head.


Message History

The gnoll is moderately wounded.
The gnoll completely misses you.
A gnoll comes into view.
It is wielding a +0 club and quivering 2 throwing nets.
The gnoll barely misses you. The gnoll is attracted toward you.
The gnoll shouts!
You hit the gnoll.
The gnoll is heavily wounded.
The gnoll closely misses you.
The gnoll hits you from afar with a +0 spear.
You barely miss the gnoll. You headbutt the gnoll.
The gnoll is almost dead.
The gnoll hits you with a +0 halberd. The gnoll barely misses you.
You hit the gnoll.
The gnoll is almost dead.
The gnoll hits you with a +0 halberd!
* * * LOW HITPOINT WARNING * * *
The gnoll closely misses you.
You hit the gnoll.
The gnoll is almost dead.
Xom smiles on you.
You fade into invisibility!
The gnoll completely misses you.
The ribbon worm expels a string of sticky webbing.
The stream of webbing hits the gnoll but does no damage.
The gnoll is caught in a web!
The gnoll is attracted toward you.
Unknown command.
Unknown command.
You hit the gnoll but do no damage.
The gnoll is almost dead.
The gnoll struggles to get unstuck from the web.
You hit the gnoll.
You kill the gnoll!
The gnoll throws a throwing net.
The throwing net hits the gnoll.
The gnoll is caught in the net!
The gnoll struggles against the net.
You hit the gnoll.
You feel better.
The gnoll is moderately wounded.
The gnoll struggles against the net.
A ribbon worm comes into view.
The gnoll hits you with a +0 flail!
You die...

#. #. #.
#.####
#....#
#..#<# #.(.#
##@##
#g######.
#gw§§....
#w........
#§.g..#####
#......#=)[#
##.....#(!?#
..<...#!()#
.#.....#####


You could see 2 ribbon worms and 3 gnolls.

Vanquished Creatures
  A gnoll (D:3)
  3 adders (D:2)
  A ribbon worm (D:2)
  3 endoplasms
  3 giant cockroaches
  4 goblins (D:1)
  3 hobgoblins (D:1)
  9 jackals
  2 kobolds
  2 quokkas
  3 ball pythons
  4 bats
  A frilled lizard (D:1)
  5 rats (D:1)
44 creatures vanquished.

Notes
Turn   | Place    | Note
-------+----------+-------------------------------------------
     0 | D:1      | spaghetti the Demonspawn Chaos Knight began the quest for
                  | the Orb.
     0 | D:1      | Reached XP level 1. HP: 18/18 MP: 1/1
    28 | D:1      | Reached skill level 1 in Dodging
    58 | D:1      | Gained mutation: You have a pair of small horns on your
                  | head. [demonic ancestry]
    58 | D:1      | Reached XP level 2. HP: 19/24 MP: 2/2
   311 | D:1      | Reached XP level 3. HP: 29/29 MP: 3/3
   328 | D:1      | XOM: divination: magic mapping
   385 | D:1      | You fall into a shaft and drop 1 floor!
   470 | D:2      | XOM: silly message
   527 | D:2      | XOM: silly message
   762 | D:2      | Reached XP level 4. HP: 35/35 MP: 4/4
  1080 | D:2      | XOM: smoke on damage
  1244 | D:3      | XOM: potion effect (attraction)
  1245 | D:3      | XOM: blink monster(s)
  1253 | D:3      | XOM: potion effect (invisibility)
  1256 | D:3      | Slain by a gnoll

Illustrated notes

Levels and vault maps discovered:
D:1:      orjb1_lava_funnel, layout_rooms,
          shapermc_ecumenical_altar_mp_urbaneastern
D:2:      layout_loops_corners, minmay_parallelograms,
          ebering_dispersal_statue_hall, chequers_serial_rivers_micro_b
D:3:      gammafunk_steamed_eel, layout_loops_ring,
          nicolae_tso_swordbearing_angel, kennysheep_flooded_box,
          due_unseen_surprise, uniq_ijyb

Skill      XL: |  1  2 |
---------------+-------+-----
Dodging        | 1 |  1.4
Armour         | 2 |  2.2
Short Blades   | 3 |  3.7
Fighting       | |  3.6

Action                     |  1- 3 |  4- 6 || total
---------------------------+-------+-------++-------
  Melee: Short sword       |   113 |       ||   113
         Headbutt          |    16 |     9 ||    25
         Whip              |       |    34 ||    34
         Punch             |       |     1 ||     1
 Armour: Leather armour    |    79 |    22 ||   101
  Dodge: Dodged            |    62 |    28 ||    90
